 Dungeon Crawl Stone Soup version 0.31.0-4-g52a2dc7128 (webtiles) character file.

Game seed: 5499942235054994331

3 zazu2006 the Firebug (level 1, -2/13 HPs)
             Began as a Gnoll Wanderer on Jan 22, 2024.
             Slain by a quokka (3 damage)
             ... on level 1 of the Dungeon.
             The game lasted 00:00:17 (98 turns).

zazu2006 the Firebug (Gnoll Wanderer)                 Turns: 98, Time: 00:00:17

Health: -2/13      AC:  3    Str: 12    XL:     1   Next: 50%
Magic:  4/4        EV: 10    Int: 10    God:
Gold:   0          SH:  0    Dex: 11    Spells: 4/5 levels left

rFire   . . .        a - +0 dagger
rCold   . . .        (no shield)
rNeg    . . .        e - +0 leather armour
rPois   .            (no helmet)
rElec   .            (no cloak)
rCorr   .            (no gloves)
SInv    .            (no boots)
Will    .....        (no amulet)
Stlth   +            (no ring)
HPRegen 0.22/turn    (no ring)
MPRegen 0.09/turn

%: no passive effects
@: no status effects
A: fangs 1, strong nose, distributed training
a: no special abilities


You were on level 1 of the Dungeon.
You visited 1 branch of the dungeon, and saw 1 of its levels.

Inventory:

Hand Weapons
 a - a +0 dagger (weapon)
Missiles
 c - 10 poisoned darts (quivered)
Armour
 e - a +0 leather armour (worn)
Scrolls
 b - a scroll of butterflies
 d - 2 scrolls of fear
 g - a scroll of enchant armour {unknown}
Potions
 f - a potion of ambrosia {unknown}


   Skills:
 + Level 0.0 Fighting
 + Level 0.0 Short Blades
 + Level 0.0 Long Blades
 + Level 0.0 Axes
 + Level 0.0 Maces & Flails
 + Level 0.0 Polearms
 + Level 0.0 Staves
 + Level 0.0 Ranged Weapons
 + Level 4.4 Throwing
 + Level 0.0 Armour
 + Level 0.0 Dodging
 + Level 0.0 Stealth
 + Level 0.0 Shields
 + Level 4.4 Unarmed Combat
 + Level 2.6 Spellcasting
 + Level 0.0 Conjurations
 + Level 0.0 Hexes
 + Level 0.0 Summonings
 + Level 0.0 Necromancy
 + Level 0.0 Translocations
 + Level 5.3 Fire Magic
 + Level 0.0 Ice Magic
 + Level 0.0 Air Magic
 + Level 0.0 Earth Magic
 + Level 0.0 Alchemy
 + Level 2.4 Invocations
 + Level 2.3 Evocations
 + Level 0.0 Shapeshifting


You had 4 spell levels left.
You knew the following spells:

 Your Spells              Type           Power      Damage    Failure   Level
a - Foxfire               Conj/Fire      24%        2x1d5     12%         1

Your spell library contained the following spells:

 Spells                   Type           Power      Damage    Failure   Level
 Volatile Blastmotes      Fire/Tloc      12%        2d11      36%         3


Dungeon Overview and Level Annotations

Branches:
Dungeon (1/15)

Altars:


Innate Abilities, Weirdness & Mutations

You have very sharp teeth.
Your uncanny sense of smell can sniff out nearby items.
Your experience applies equally to all skills.


Message History

You kill the goblin!
Found a scroll labelled OCUBETEUSCH.
You see here a +0 dagger.
g - a scroll labelled OCUBETEUSCH
Found a stone staircase leading down.
A quokka comes into view.
A quokka is nearby!
A quokka is nearby!
A quokka is nearby!
A ball python comes into view.
The ball python hisses angrily.
The ball python bites you. The ball python closely misses you.
The quokka bites you but does no damage.
The quokka barely misses you. The ball python barely misses you.
The ball python grabs you. The ball python constricts you.
You barely miss the ball python. The ball python bites you.
The ball python constricts you. The quokka bites you.
You hit the ball python. Your punch misses the ball python.
The ball python is heavily wounded.
The ball python bites you. The ball python constricts you.
The quokka bites you.
* * * LOW HITPOINT WARNING * * *
You hit the ball python.
You kill the ball python!
The quokka barely misses you.
You hit the quokka but do no damage.
The quokka bites you but does no damage.
You hit the quokka but do no damage. Your bite misses the quokka.
The quokka barely misses you. The quokka closely misses you.
You hit the quokka.
The quokka is heavily wounded.
The quokka bites you.
* * * LOW HITPOINT WARNING * * *
You hit the quokka but do no damage. Your bite misses the quokka.
The quokka is heavily wounded.
The quokka closely misses you.
You hit the quokka.
The quokka is severely wounded.
The quokka bites you.
You die...

.### ...# ##.# ###
.#.# ... .#.#
#.####.## ...#
#.#.....###### ...#
#.#........... ...##
#.#.......#
....#######.....@r..#
.#..................#
.#.#####..#..#.#....#
.#.# #..#....+....#
##.# ##..>####....#
...# #.### #....#
#### #.# #....# #.#
#....# #.# ....#


You could see a quokka.

Vanquished Creatures
  A ball python (D:1)
  A bat (D:1)
  A goblin (D:1)
3 creatures vanquished.

Notes
Turn   | Place    | Note
-------+----------+-------------------------------------------
     0 | D:1      | zazu2006 the Gnoll Wanderer began the quest for the Orb.
     0 | D:1      | zazu2006 set off with the following items: a +0 dagger, a
                  | scroll of butterflies, 10 poisoned darts, 2 scrolls of
                  | fear, a +0 leather armour; and the following spell
                  | memorised: Foxfire; and the following spells available to
                  | memorise: Volatile Blastmotes.
     0 | D:1      | Reached XP level 1. HP: 13/13 MP: 4/4
    98 | D:1      | Slain by a quokka

Illustrated notes

Levels and vault maps discovered:
D:1:      amcnicky_arrival_choice, layout_basic, serial_shops,
          nicolae_shop_overgrown_old_shop, ebering_ecumenical_altar_hall

Action                     || total
---------------------------++-------
  Melee: Dagger            ||    12
 Armour: Leather armour    ||    13
  Dodge: Dodged            ||    13
